 Dungeon Crawl Stone Soup version 0.28.0 (webtiles) character file.

Game seed: 12594312110672812934

27 Ajdolov the Skirmisher (level 3, -1/43 HPs)
             Began as a Formicid Abyssal Knight on Feb 15, 2022.
             Was a Follower of Lugonu.
             Slain by Terence (3 damage)
             ... on level 2 of the Dungeon.
             The game lasted 00:01:34 (1008 turns).

Ajdolov the Skirmisher (Formicid Abyssal Knight)    Turns: 1008, Time: 00:01:35

Health: -1/43      AC: 21    Str: 19    XL:     3   Next: 25%
Magic:  5/5        EV:  2    Int:  9    God:    Lugonu [*.....]
Gold:   64         SH:  0    Dex: 11    Spells: 2/2 levels left

rFire   . . .      SeeInvis .   a - +1 falchion
rCold   . . .      Faith    .   (no shield)
rNeg    . . .      Spirit   .   (armour currently unavailable)
rPois   +          Reflect  .   (helmet unavailable)
rElec   .          Harm     .   (cloak currently unavailable)
rCorr   +          Rampage  .   (gloves currently unavailable)
Will    .....                   (boots currently unavailable)
Stlth   +.........              (no amulet)
HPRegen 0.14/turn               g - ring of resist corrosion
MPRegen 0.09/turn               b - ring of flight

@: tree-form
A: stationary, stasis, torment immunity, boosted hp, permanent stasis, dig
shafts and tunnels, (antennae 3), four strong arms
a: Renounce Religion, Depart the Abyss


You were on level 2 of the Dungeon.
You worshipped Lugonu.
Lugonu was aware of your devotion.
You were a tree.
You visited 1 branch of the dungeon, and saw 2 of its levels.
You visited the Abyss 1 time.

You collected 64 gold pieces.

Inventory:

Hand Weapons
 a - a +1 falchion (weapon)
Armour
 j - a +0 scale mail of cold resistance (melded)
Jewellery
 b - a ring of flight (right branch)
 g - a ring of resist corrosion (left branch)
Scrolls
 e - a scroll of identify {unknown}
 i - a scroll of teleportation {unknown}
 k - a scroll of enchant armour {unknown}
Potions
 c - a potion of invisibility {unknown}
 f - a potion of berserk rage {unknown}
 h - a potion of might {unknown}


   Skills:
 - Level 3.2 Fighting
 * Level 3.1 Long Blades
 - Level 2.1 Armour
 - Level 0.8 Dodging
 + Level 2.9 Invocations


You had 2 spell levels left.
You didn't know any spells.
Your spell library was empty.

Dungeon Overview and Level Annotations

Branches:
Dungeon (2/15)

Altars:

Annotations:
D:2 Terence


Innate Abilities, Weirdness & Mutations

You are a tree.
Your roots penetrate the ground, keeping you stationary.
You cannot be teleported.
You are immune to unholy pain and torment.
Your maximum health is greatly increased.
Your equipment is partially melded.
You cannot be hasted, slowed, berserked, paralysed or teleported.
You can dig through walls and to a lower floor.
((You have a pair of large antennae on your head. (SInv)))
Your four strong arms can wield two-handed weapons with a shield.


Message History

Level annotation: Terence
There is a stone staircase leading up here.
Terence hits you but does no damage.
You hit Terence but do no damage. Terence completely misses you.
You slash Terence!
Terence is moderately wounded.
Terence shouts, "Get ready for death!"
Terence hits you with a +0 mace.
You hit Terence but do no damage.
Terence is moderately wounded.
Terence hits you but does no damage.
You barely miss Terence.
Terence is moderately wounded.
Terence hits you but does no damage.
You closely miss Terence.
Terence is moderately wounded.
Terence zaps a wand.
The puff of flame hits you.
You slash Terence!
Terence is severely wounded.
Terence barely misses you. Terence hits you but does no damage.
You hit Terence but do no damage.
Terence is severely wounded.
Terence zaps a wand.
The puff of flame hits you.
You hit Terence.
Terence is severely wounded.
Terence hits you with a +0 mace!
You hit Terence but do no damage.
Terence is severely wounded.
Terence hits you with a +0 mace.
* * * LOW HITPOINT WARNING * * *
You hit Terence but do no damage.
Terence is severely wounded.
Terence hits you with a +0 mace.
* * * LOW HITPOINT WARNING * * *
There is a stone staircase leading up here.
It was a potion of lignification.
You turn into a tree.
Your +0 scale mail of cold resistance melds into your body.
You feel less resistant to cold.
Your roots penetrate the ground.
Terence hits you with a +0 mace.
You die...

....≈≈.....#
..≈≈[.≈....#
≈≈....≈....########
...⌠≈≈....@..)....#
..≈≈⌠.......#####.#
{ .≈....≈≈)..## #.#
.≈..≈≈..≈..# #.#
..≈≈....≈..######.#
......≈≈...##♣@...#
.....≈≈:...##.#####
#≈≈≈≈≈≈###.##.#
##≈≈≈≈# .###.#
##### . #.# #.# #.#
#.#


You could see Terence.

Vanquished Creatures
  2 dart slugs (D:1)
  4 ball pythons (D:1)
  5 bats
  2 goblins (D:1)
  2 hobgoblins (D:1)
  3 kobolds (D:2)
  2 quokkas (D:1)
  A frilled lizard (D:1)
21 creatures vanquished.

Notes
Turn   | Place    | Note
-------+----------+-------------------------------------------
     0 | Abyss:1  | Ajdolov the Formicid Abyssal Knight began the quest for the
                  | Orb.
     0 | Abyss:1  | Reached XP level 1. HP: 18/18 MP: 2/2
    48 | Abyss:1  | Noticed a sun demon
    49 | D:1      | Escaped the Abyss
   137 | D:1      | Reached XP level 2. HP: 23/24 MP: 3/3
   303 | D:1      | Noticed a floating eye
   305 | D:1      | Found a faded altar of an unknown god.
   307 | D:1      | Noticed a golden eye
   312 | D:1      | Noticed a great orb of eyes
   312 | D:1      | Noticed a floating eye
   326 | D:1      | Reached * piety under Lugonu
   612 | D:1      | Reached XP level 3. HP: 29/29 MP: 5/5
   895 | D:2      | Noticed Terence
  1004 | D:2      | HP: 1/29 [Terence (3)]
  1008 | D:2      | Slain by Terence

Illustrated notes

Levels and vault maps discovered:
D:1:      minmay_arrival_three_doors, layout_basic,
          hellmonk_ecumenical_altar_watching_god
D:2:      cheibrodos_helix_gallery, layout_loops_ring, basic_altar, uniq_terence

Skill      XL: |  1  2  3 |
---------------+----------+-----
Long Blades    | 3 |  3.1
Fighting       | |  3.2
Armour         | |  2.1
Dodging        | |  0.8
Invocations    | |  2.9

Action                   || total
-------------------------++-------
Melee: Falchion          ||    80
Invok: Depart the Abyss  ||     1
  Use: Potion            ||     1
Armor: Leather armour    ||    20
       Scale mail        ||    24
Dodge: Dodged            ||    66
